 Dungeon Crawl Stone Soup version 0.26-a0-501-g57170428f2 (webtiles) character file.

Game seed: 14684920290196268187

65 KristoblXynda the Ducker (level 3, 0/28 HPs)
             Began as a Vampire Gladiator on Aug 7, 2020.
             Slain by an iron imp (7 damage)
             ... summoned by Natasha
             ... on level 2 of the Dungeon.
             The game lasted 00:01:07 (731 turns).

KristoblXynda the Ducker (Vampire Gladiator)         Turns: 731, Time: 00:01:08

Health: 0/28       AC:  6    Str: 14    XL:     3   Next: 92%
Magic:  3/3        EV: 12    Int: 10    God:
Gold:   85         SH:  0    Dex: 15    Spells: 2/2 levels left

rFire    . . .     SeeInvis +   a - +0 long sword
rCold    . . .     Faith    .   (no shield)
rNeg     . . .     Spirit   .   f - +0 ring mail
rPois    .         Reflect  .   c - +0 helmet
rElec    .         Harm     .   (no cloak)
rCorr    .                      (no gloves)
MR       .....                  (no boots)
Stlth    +.........             (no amulet)
HPRegen  0.29/turn              (no ring)
MPRegen  0.08/turn              (no ring)

@: regenerating quickly
A: fangs 3, see invisible, unbreathing
a: Exsanguinate


You were on level 2 of the Dungeon.
You visited 1 branch of the dungeon, and saw 2 of its levels.

You collected 85 gold pieces.

Inventory:

Hand Weapons
 a - a +0 long sword (weapon)
Missiles
 d - 3 throwing nets (quivered)
Armour
 c - a +0 helmet (worn)
 f - a +0 ring mail (worn)
Jewellery
 l - an uncursed ring of fire {unknown}
 m - a cursed ring of attention {unknown}
Scrolls
 b - a scroll of fear {unknown}
 i - a scroll of magic mapping {unknown}
 j - a scroll of noise {unknown}
Potions
 g - a potion of cancellation {unknown}
 h - a potion of curing {unknown}
 k - a potion of brilliance {unknown}


   Skills:
 + Level 2.4 Fighting
 + Level 3.5 Long Blades
 + Level 2.2 Throwing
 + Level 3.9 Dodging


You had 2 spell levels left.
You didn't know any spells.
Your spell library was empty.

Dungeon Overview and Level Annotations

Branches:
Dungeon (2/15)

Altars:

Annotations:
D:2 Natasha


Innate Abilities, Weirdness & Mutations

Your natural rate of healing is unusually fast.
You have razor-sharp teeth.
You have supernaturally acute eyesight. (SInv)
You can survive without breathing.


Message History

Items here: ( )) ††.
Found 11 stones and a helmet.
Natasha, Servant of Life and Death comes into view.
She is carrying a wand of flame (23).
Natasha stares at you and mumbles some strange words.
You resist with some effort.
Natasha zaps a wand.
The puff of flame hits you!
Natasha extends her claws.
Natasha closely misses you.
You riposte.
You closely miss Natasha. You closely miss Natasha.
Natasha growls.
Natasha mumbles some strange words.
You barely miss Natasha. Your bite misses Natasha.
Natasha zaps a wand.
The puff of flame hits you!
The iron imp lashes its tail.
You hit Natasha.
Natasha is lightly wounded.
Natasha zaps a wand.
The puff of flame hits you.
* * * LOW HITPOINT WARNING * * *
The iron imp hits you!
You die...

♣♣♣################
#.##.................#
#....h@.######.......#
#.#.#5..........#.#[.#
###.#####....>...# .##
##..#.#..# # #......(#
#.......# ##..#...#
##.##.## #<##.#


You could see an iron imp (summoned) and Natasha.

Vanquished Creatures
  Natasha (D:2)
  An adder (D:2)
  A bat (D:1)
  2 giant cockroaches (D:1)
  9 goblins
  2 hobgoblins (D:1)
  2 jackals (D:2)
  4 kobolds
  A frilled lizard (D:2)
  4 rats
27 creatures vanquished.

Notes
Turn   | Place    | Note
-------+----------+-------------------------------------------
     0 | D:1      | KristoblXynda the Vampire Gladiator began the quest for the
                  | Orb.
     0 | D:1      | Reached XP level 1. HP: 16/16 MP: 1/1
   134 | D:1      | Reached XP level 2. HP: 19/22 MP: 2/2
   650 | D:2      | Noticed Natasha
   661 | D:2      | Reached XP level 3. HP: 22/27 MP: 3/3
   685 | D:2      | Killed Natasha
   724 | D:2      | Noticed Natasha
   731 | D:2      | Slain by an iron imp

Illustrated notes

Levels and vault maps discovered:
D:1:      dpeg_arrival_round_a, layout_basic
D:2:      minmay_chambers_of_ones, layout_loops_ring, good_gods_mini_temple,
          st_stairs_14, uniq_natasha

Skill      XL: |  1  2 |
---------------+-------+-----
Fighting       | 2 |  2.4
Throwing       | 2 |  2.2
Long Blades    | |  3.5
Dodging        | |  3.9

Action                   || total
-------------------------++-------
Melee: Long sword        ||    81
       Bite              ||     8
  Use: Potion            ||     1
 Stab: Sleeping          ||     1
Armor: Ring mail         ||    27
       Leather armour    ||     1
Dodge: Dodged            ||    57
       Rpst.: Long sword ||    20

Table legend: (Time is in decaauts)
 A = Elapsed time spent in this place.
 B = Non-inter-level travel time spent in this place.
 C = Inter-level travel time spent in this place.
 D = Time resting spent in this place.
 E = Time spent auto-exploring this place.
 F = Levels seen in this place.
 G = Mean time per level.
                   A        B        C        D        E       F      G
               +--------+--------+--------+--------+--------+-----+--------+
         Total |    749 |    729 |     20 |     17 |    498 |   2 |  374.5 |
       Dungeon |    749 |    729 |     20 |     17 |    498 |   2 |  374.5 |
               +--------+--------+--------+--------+--------+-----+--------+

Top non-repeatable levels by time:
     D:1: 660 daAuts
     D:2: 88 daAuts
